 Dungeon Crawl Stone Soup version 0.27.0-1-g7a089689b8 (webtiles) character file.

Game seed: 12062741480749982678

214 sanka the Insei (level 5, -13/38 HPs)
             Began as a Vampire Hunter on Aug 4, 2021.
             Mangled by a mummy (17 damage)
             ... on level 4 of the Dungeon.
             The game lasted 00:03:45 (2899 turns).

sanka the Insei (Vampire Hunter)                    Turns: 2899, Time: 00:03:45

Health: -13/38     AC:  3    Str: 11    XL:     5   Next: 60%
Magic:  5/5        EV: 12    Int: 15    God:
Gold:   169        SH:  0    Dex: 14    Spells: 4/4 levels left

rFire    + . .     SeeInvis +   b - +3 whip (venom)
rCold    . . .     Faith    .   (no shield)
rNeg     . . .     Spirit   .   o - +1 robe {rF+}
rPois    .         Reflect  .   (no helmet)
rElec    .         Harm     .   (no cloak)
rCorr    .         Rampage  .   (no gloves)
Will     .....                  (no boots)
Stlth    ++........             (no amulet)
HPRegen  0.32/turn              (no ring)
MPRegen  0.09/turn              i - ring of flight

@: flying, healing quickly
A: alive, fangs 3, see invisible, vampiric 2
a: Exsanguinate


You were on level 4 of the Dungeon.
You visited 1 branch of the dungeon, and saw 4 of its levels.

You collected 169 gold pieces.


Innate Abilities, Weirdness & Mutations

Your natural rate of healing is accelerated.
You have razor-sharp teeth.
You have supernaturally acute eyesight. (SInv)
You are afflicted with vampirism and can become a bat while bloodless.


   Skills:
 - Level 1.7 Fighting
 - Level 3.2 Crossbows
 - Level 2.1 Dodging
 - Level 1.5 Stealth
 + Level 6.0 Unarmed Combat


You had 4 spell levels left.
You didn't know any spells.
Your spell library contained the following spells:

 Spells                   Type           Power      Damage    Failure   Level
 Gell's Gravitas          Tloc           0%         N/A       63%         3
 Lesser Beckoning         Tloc           0%         N/A       63%         3
 Teleport Other           Tloc           0%         N/A       63%         3

Inventory:

Hand Weapons
 a - a +1 hand crossbow
 b - a +3 whip of venom (weapon)
 p - a +0 short sword
Missiles
 d - 13 bolts
Armour
 c - a +0 leather armour
 o - a +1 robe of fire resistance (worn)
Magical Staves
 n - a staff of conjuration {!a}
Jewellery
 i - a ring of flight (right hand)
Scrolls
 f - a scroll of noise {unknown}
 g - a scroll of fear {unknown}
 m - a scroll of teleportation {unknown}
 q - a scroll of amnesia {unknown}
 r - 2 scrolls of blinking {unknown}
 s - a scroll of holy word {unknown}
 u - a scroll of fog {unknown}
Potions
 e - a potion of resistance {unknown}
 h - a potion of heal wounds {unknown}
 j - a potion of cancellation {unknown}
 k - a potion of curing {unknown}
 l - a potion of invisibility {unknown}
 t - a potion of attraction {unknown}

Dungeon Overview and Level Annotations

Branches:
Dungeon (4/15)
 Temple: D:4-7

Altars:
The Shining One

▒.▒▒.. ▒.▒▒.▒ ▒.▒▒(▒
▒.......▒ ▒ ▒.▒▒.▒▒.▒ ..▒
▒▒▒▒.▒▒.▒▒.▒▒▒▒▒▒ ▒▒▒ ..▒
..▒▒.▒▒......... ..▒▒..▒
▒.▒▒.▒........▒▒▒▒▒▒.....▒
▒.............▒.V..▒.....▒
▒▒▒.▒..)......▒M▒........▒
▒...▒.........▒!▒......▒.
▒.▒▒▒▒....▒...▒!▒..▒.▒.▒.▒
†..▒▒.........▒▒▒▒▒▒.....▒
.▒.▒▒.▒▒.▒.▒▒........▒.▒▒▒
.▒.▒▒. ▒.▒.▒▒>.▒▒▒.▒▒▒.▒
...... ..▒.▒▒..▒ ▒.▒ ▒
▒▒.▒▒.▒▒.▒.▒▒... ...


You could see a mummy.


Message History

You hit the hobgoblin zombie.
The hobgoblin zombie is almost destroyed.
The hobgoblin zombie misses you.
You hit the hobgoblin zombie.
You destroy the hobgoblin zombie!
No target in view!
A mummy comes into view.
Found a red potion and 2 inky potions.
The helpless mummy fails to defend itself.
You hit the mummy.
The mummy is lightly damaged.
The mummy hits you!
You hit the mummy.
The mummy is lightly damaged.
You closely miss the mummy.
The mummy is lightly damaged.
The mummy hits you!
* * * LOW HITPOINT WARNING * * *
You hit the mummy.
The mummy is heavily damaged.
The mummy hits you!
* * * LOW HITPOINT WARNING * * *
You hit the mummy. Your punch misses the mummy. You bite the mummy.
The mummy is severely damaged.
You hit the mummy.
The mummy is severely damaged.
The mummy hits you!
You die...

Action                   |  1- 3 |  4- 6 || total
-------------------------+-------+-------++-------
Melee: Whip              |    11 |    97 ||   108
       Bite              |     1 |    13 ||    14
       Punch             |       |     3 ||     3
 Fire: Hand crossbow     |    55 |       ||    55
 Stab: Sleeping          |       |     3 ||     3
Armor: Leather armour    |     3 |       ||     3
       Robe              |     4 |    22 ||    26
Dodge: Dodged            |    11 |    64 ||    75

Levels and vault maps discovered:
D:1:      scummos_arrival_star, layout_rooms, nrook_mini_vaults
D:2:      layout_loops_ring, hellmonk_ecumenical_altar_zigzags, basic_altar
D:3:      layout_basic, tso_oasis_becter, chequers_serial_rivers_small_3
D:4:      layout_loops_cross, mainiacjoe_overflow_catwalk, portal_sewer_entry_e,
          minmay_mini_ossuary

Notes
Turn   | Place    | Note
-------+----------+-------------------------------------------
     0 | D:1      | sanka the Vampire Hunter began the quest for the Orb.
     0 | D:1      | Reached XP level 1. HP: 16/16 MP: 1/1
    22 | D:1      | Reached skill level 1 in Unarmed Combat
   151 | D:1      | Reached skill level 2 in Unarmed Combat
   151 | D:1      | Reached XP level 2. HP: 19/22 MP: 2/2
   418 | D:2      | Reached skill level 3 in Unarmed Combat
   418 | D:2      | Gained mutation: You are afflicted with vampirism and can
                  | become a bat while bloodless. [Vampire growth]
   418 | D:2      | Reached XP level 3. HP: 27/27 MP: 3/3
   446 | D:2      | Found a faded altar of an unknown god.
  1279 | D:3      | Reached skill level 4 in Unarmed Combat
  1287 | D:3      | Reached XP level 4. HP: 23/33 MP: 4/4
  2360 | D:3      | Reached skill level 5 in Unarmed Combat
  2368 | D:3      | Reached XP level 5. HP: 35/38 MP: 5/5
  2819 | D:4      | Reached skill level 6 in Unarmed Combat
  2897 | D:4      | HP: 3/38 [mummy (12)]
  2899 | D:4      | Mangled by a mummy

Vanquished Creatures
  A centaur zombie (D:4)
  2 orc wizards (D:3)
  5 adders
  A worm (D:4)
  2 dart slugs
  7 orcs (D:3)
  4 endoplasms
  2 giant cockroaches
  8 goblins
  4 hobgoblins
  7 jackals
  5 kobolds
  2 quokkas
  A ball python (D:3)
  9 bats
  A frilled lizard (D:1)
  3 hobgoblin zombies (D:4)
  A kobold zombie (D:4)
  4 rats
69 creatures vanquished.
